 Dungeon Crawl Stone Soup version 0.22.0-49-gab54619674 (webtiles) character file.

492 Kaderl the Chopper (level 7, -1/54 HPs)
             Began as a Human Fighter on Sept 7, 2018.
             Killed from afar by an orc wizard (6 damage)
             ... with a puff of flame
             ... on level 4 of the Dungeon.
             The game lasted 00:06:59 (2477 turns).

Kaderl the Chopper (Human Fighter)                  Turns: 2477, Time: 00:07:02

Health: -1/54      AC:  9    Str: 19    XL:     7   Next: 37%
Magic:  7/7        EV:  8    Int:  8    God:
Gold:   205        SH:  9    Dex: 12    Spells: 6/6 levels left

rFire    . . .     SeeInvis +   a - +2 war axe
rCold    . . .     Gourm    .   c - +0 shield
rNeg     . . .     Faith    .   b - +0 scale mail
rPois    .         Spirit   .   p - +1 helmet
rElec    .         Reflect  .   (no cloak)
rCorr    .         Harm     .   (no gloves)
MR       .....                  (no boots)
Stlth    ..........             (no amulet)
HPRegen  0.18/turn              h - ring of see invisible
MPRegen  0.10/turn              (no ring)

@: no status effects
A: no striking features
a: no special abilities


You were on level 4 of the Dungeon.
You were not hungry.

You visited 1 branch of the dungeon, and saw 4 of its levels.

You collected 205 gold pieces.

Inventory:

Hand Weapons
 a - a +2 war axe (weapon)
Armour
 b - a +0 scale mail (worn)
 c - a +0 shield (worn)
 p - a +1 helmet (worn)
Jewellery
 h - a ring of see invisible (left hand)
Scrolls
 g - 4 scrolls of random uselessness {unknown}
 k - a scroll of enchant armour
 l - a scroll of magic mapping {unknown}
 m - 2 scrolls of amnesia
 o - a scroll of fear {unknown}
 q - a scroll of blinking {unknown}
Potions
 d - a potion of might
 e - a potion of degeneration {unknown}
 j - a potion of agility
 n - 3 potions of heal wounds {unknown}
 r - 2 potions of curing {unknown}
 s - 2 potions of lignification {unknown}
 t - a potion of magic {unknown}
Comestibles
 f - 4 rations


   Skills:
 + Level 4.0 Fighting
 + Level 5.2 Axes
 + Level 4.1 Armour
 + Level 1.7 Dodging
 + Level 0.2 Stealth
 + Level 4.1 Shields


You had 6 spell levels left.
You didn't know any spells.
Your spell library was empty.

Dungeon Overview and Level Annotations

Branches:
Dungeon (4/15)
 Temple: D:4-7

Altars:
Trog


Message History

You block the orc wizard's attack.
The orc wizard hits you with a dagger of speed.
* * * LOW HITPOINT WARNING * * *
Your shield prevents you from hitting the orc wizard.
The orc wizard is lightly wounded.
You block the orc wizard's attack.
The orc wizard hits you with a dagger of speed.
* * * LOW HITPOINT WARNING * * *
Your shield and scale mail prevent you from hitting the orc wizard.
The orc wizard is lightly wounded.
The orc wizard gestures at you while chanting.
The puff of flame hits you!
* * * LOW HITPOINT WARNING * * *
You barely miss the orc wizard.
The orc wizard is lightly wounded.
The orc wizard hits you with a dagger of speed.
* * * LOW HITPOINT WARNING * * *
The orc wizard casts a spell at you. The puff of flame hits you!
You die...

###### ##.....##
#.......## ..$....$.#
.......).###########
.......@.....#.....##
.......)o...?.......##
.....................#
#....................#
.....................#
..................†..###
...........$.........<..
....................####
.....(.........## #


You could see an orc wizard.

Vanquished Creatures
  A sky beast (D:3)
  An orc priest (D:3)
  A hound (D:4)
  Natasha (thrice) (D:2)
  3 orc wizards
  A worker ant (D:4)
  4 adders
  2 oozes (D:3)
  3 worms
  2 dart slugs
  A leopard gecko (D:1)
  9 orcs
  11 bats
  7 giant cockroaches
  5 goblins
  8 hobgoblins
  10 jackals
  6 kobolds
  4 quokkas
  A ball python (D:2)
  5 frilled lizards
  11 rats
99 creatures vanquished.

Vanquished Creatures (others)
  4 toadstools (D:1)
4 creatures vanquished.

Grand Total: 103 creatures vanquished

Notes
Turn   | Place    | Note
-------+----------+-------------------------------------------
     0 | D:1      | Kaderl the Human Fighter began the quest for the Orb.
     0 | D:1      | Reached XP level 1. HP: 18/18 MP: 1/1
    94 | D:1      | Reached XP level 2. HP: 23/24 MP: 2/2
   326 | D:1      | Reached XP level 3. HP: 28/29 MP: 3/3
  1023 | D:2      | Noticed Natasha
  1026 | D:2      | Found a bloodstained altar of Trog.
  1027 | D:2      | Killed Natasha
  1027 | D:2      | Reached XP level 4. HP: 35/35 MP: 4/4
  1039 | D:2      | Noticed Natasha
  1048 | D:2      | Reached skill level 1 in Dodging
  1052 | D:2      | Killed Natasha
  1131 | D:2      | Reached XP level 5. HP: 36/41 MP: 5/5
  1284 | D:2      | Found a bloodstained altar of Trog.
  1327 | D:2      | Noticed Natasha
  1332 | D:2      | Killed Natasha
  1332 | D:2      | Reached skill level 3 in Axes
  1779 | D:3      | Reached XP level 6. HP: 37/47 MP: 6/6
  1806 | D:3      | Reached skill level 4 in Axes
  2189 | D:3      | Noticed a sky beast
  2200 | D:3      | Killed a sky beast
  2200 | D:3      | Reached XP level 7. HP: 53/53 MP: 7/7
  2468 | D:4      | Reached skill level 5 in Axes
  2477 | D:4      | Killed from afar by an orc wizard

Skill      XL: |  1  2  3  4  5  6  7 |
---------------+----------------------+-----
Dodging        | 1 |  1.7
Axes           | 3 4 5 |  5.2
Armour         | 4 |  4.1
Shields        | 4 |  4.1
Fighting       | 4 |  4.0
Stealth        | |  0.2

Action                   |  1- 3 |  4- 6 |  7- 9 || total
-------------------------+-------+-------+-------++-------
Melee: War axe           |   116 |   148 |    33 ||   297
  Use: Scroll            |     2 |     5 |     1 ||     8
       Potion            |       |     1 |       ||     1
  Eat: Ration            |     1 |     1 |       ||     2
Armor: Scale mail        |    88 |    88 |    29 ||   205
Dodge: Dodged            |    43 |    49 |    10 ||   102
Block: Shield            |    73 |    77 |    23 ||   173
